 Dungeon Crawl Stone Soup version 0.32-a0-39-g5c88369fb2 (webtiles) character file.

Game seed: 5038197247858332102

10054 Colgate the Zephyrmancer (level 11, -9/62 HPs)
             Began as a Vine Stalker Air Elementalist on Feb 5, 2024.
             Was a Priest of Ashenzari.
             Mangled by Snorg (18 damage)
             ... on level 10 of the Dungeon.
             The game lasted 00:32:44 (10263 turns).

Colgate the Zephyrmancer (VSAE)                    Turns: 10263, Time: 00:32:45

Health: -9/62      AC: 18    Str: 18    XL:     11   Next: 56%
Magic:  0/44       EV:  8    Int: 19    God:    Ashenzari [***...]
Gold:   210        SH:  4    Dex: 14    Spells: 30/31 levels left

rFire   . . .        g - +6 dagger (speed)
rCold   + . .        R - +0 buckler of Cremastomancy {Sorc, Dev} (curse)
rNeg    . . .        s - +6 chain mail {rC+}
rPois   .            y - +0 hat "Dillair" {Str+2 Int+4}
rElec   .            (no cloak)
rCorr   .            B - +0 pair of gloves of the Cryptic Optimism {Sorc, Self} (curse)
SInv    +            m - +2 pair of boots
Will    +....        H - amulet "Mantic Water Diviner" {Acrobat, Comp, Cun} (curse) Stlth
                     u - ring of the Prophetic Apathy {MP+9, Comp, Melee} (curse)
HPRegen 1.10/turn    r - ring of Toth-Mos's Legacy {MP+9, Self, Sorc} (curse)
MPRegen 0.29/turn

%: acrobat, clarity, guardian spirit
@: no status effects
A: fangs 3, regeneration 1, magic shield, antimagic bite, no potion heal 2
a: Renounce Religion, Shatter the Chains


You were on level 10 of the Dungeon.
You worshipped Ashenzari.
Ashenzari was most pleased with you.
You visited 2 branches of the dungeon, and saw 11 of its levels.

You collected 592 gold pieces.
You spent 382 gold pieces at shops.

Inventory:

Hand Weapons
 g - a +6 dagger of speed (weapon)
 D - the +7 short sword of Kiberche {vamp, *Rage Str+8 Int-5}
   (You found it on level 5 of the Dungeon)

   Str+8:     It affects your strength (+8).
   Int-5:     It affects your intelligence (-5).
   *Rage:     It berserks you when you make melee attacks (+20% chance).
Armour
 m - a +2 pair of boots (worn)
 s - a +6 chain mail of cold resistance (worn)
 y - the +0 hat "Dillair" (worn) {Str+2 Int+4}
   (You found it on level 5 of the Dungeon)

   Str+2:     It affects your strength (+2).
   Int+4:     It affects your intelligence (+4).
 B - the cursed +0 pair of gloves of the Cryptic Optimism (worn) {Sorc, Self}
   (You found it on level 5 of the Dungeon)

   It has a curse which improves the following skills: Sorcery: Conjurations and
   Alchemy.
   Introspection: Fighting and Spellcasting.
 R - the cursed +0 buckler of Cremastomancy (worn) {Sorc, Dev}
   (You found it on level 9 of the Dungeon)

   It has a curse which improves the following skills: Sorcery: Conjurations and
   Alchemy.
   Devices:   Evocations and Shapeshifting.
Jewellery
 e - a ring of ice
 p - a ring of resist corrosion
 r - the cursed ring of Toth-Mos's Legacy (right hand) {MP+9, Self, Sorc}
   (You found it on level 4 of the Dungeon)

   [ring of magical power]

   MP+9:      It affects your magic capacity (+9).
   It has a curse which improves the following skills: Introspection: Fighting
   and Spellcasting.
   Sorcery:   Conjurations and Alchemy.
 u - the cursed ring of the Prophetic Apathy (left hand) {MP+9, Comp, Melee}
   (You found it on level 4 of the Dungeon)

   [ring of magical power]

   MP+9:      It affects your magic capacity (+9).
   It has a curse which improves the following skills: Companions: Summonings
   and Necromancy.
   Melee Combat: Short Blades, Long Blades, Axes, Maces & Flails, Polearms,
   Staves and Unarmed Combat.
 F - an amulet of faith
 H - the cursed amulet "Mantic Water Diviner" (around neck) {Acrobat, Comp, Cun}
   (You found it on level 6 of the Dungeon)

   [amulet of the acrobat]

   Acrobat:   It increases your evasion while moving and waiting.
   It has a curse which improves the following skills: Companions: Summonings
   and Necromancy.
   Cunning:   Dodging and Stealth.
 O - a +6 ring of dexterity
 S - a ring of magical power
 T - a +6 ring of dexterity
Talismans
 G - a maw talisman
Wands
 E - a wand of mindburst (16)
 J - a wand of paralysis (2)
 M - a wand of roots (19) {@v2}
 P - a wand of flame (11)
Scrolls
 d - 3 scrolls of fear
 f - 4 scrolls of blinking {@r4}
 k - 3 scrolls of immolation
 l - a scroll of vulnerability
 o - 5 scrolls of teleportation {@r3}
 t - a scroll of poison
 v - 2 scrolls of summoning
 w - 2 scrolls of torment
 x - 3 scrolls of revelation
 Q - a scroll of fog
Potions
 a - a potion of berserk rage
 b - 4 potions of magic
 c - 2 potions of lignification
 h - a potion of brilliance
 i - 2 potions of resistance {@q5}
 j - 4 potions of might {@q3}
 n - 4 potions of heal wounds {@q2}
 q - 2 potions of degeneration
 z - a potion of ambrosia
 A - 2 potions of attraction
 C - 3 potions of curing {@q1}
 I - 2 potions of invisibility
 K - a potion of enlightenment
 L - a potion of haste {@q4}
 N - a potion of cancellation


   Skills:
 - Level 7.0(9.3) Fighting
 - Level 8.7(10.2) Short Blades
 - Level 1.5(2.6) Dodging
 - Level 2.4(3.6) Stealth
 - Level 8.2(10.5) Spellcasting
 - Level 1.0(2.6) Conjurations
 - Level 10.4 Air Magic
 + Level 2.6(3.9) Shapeshifting


You had 30 spell levels left.
You knew the following spells:

 Your Spells              Type           Power      Damage    Failure   Level
a - Shock                 Conj/Air       100%       1d9       7%          1

Your spell library contained the following spells:

 Spells                   Type           Power      Damage    Failure   Level
 Swiftness                Air            49%        N/A       4%          3
 Static Discharge         Conj/Air       68%        3-6/arc   11%         2
 Airstrike                Air            24%        2d(4-20)  14%         4
 Magic Dart               Conj           80%        1d7       34%         1
 Sting                    Conj/Alch      60%        1d6       50%         1
 Necrotise                Necr           44%        1d6       67%         1
 Summon Small Mammal      Summ           44%        N/A       67%         1
 Apportation              Tloc           20%        N/A       71%         1
 Call Imp                 Summ           22%        N/A       82%         2
 Sublimation of Blood     Necr           11%        N/A       82%         2
 Blink                    Tloc           20%        N/A       85%         2
 Frozen Ramparts          Ice            20%        1d4       97%         3
 Ozocubu's Armour         Ice            10%        N/A       97%         3
 Leda's Liquefaction      Alch/Erth      5%         N/A       100%        4
 Petrify                  Alch/Erth      10%        N/A       100%        4
 Irradiate                Conj/Alch      7%         3d14      100%        5
 Metabolic Englaciation   Hex/Ice        5%         N/A       100%        5
 Sculpt Simulacrum        Ice/Alch       5%         N/A       100%        6


Dungeon Overview and Level Annotations

Branches:
Dungeon (10/15)            Temple (1/1) D:6            Lair (0/5) D:10
    Orc: D:9-12

Altars:
Ashenzari
Cheibriados
Dithmenos
Elyvilon
Fedhas
Gozag
Hepliaklqana
Kikubaaqudgha
Makhleb
Nemelex Xobeh
Okawaru
Qazlal
Ru
Sif Muna
Trog
Uskayaw
Vehumet
Wu Jian
Xom
Yredelemnul
Zin
The Shining One

Shops:
D:4 ?   D:5 :   D:8 ?

Annotations:
D:3 1 runed translucent door
D:10 Nergalle, Snorg


Innate Abilities, Weirdness & Mutations

You have razor-sharp teeth.
Your natural rate of healing is unusually fast.
When hurt, damage is shared between your health and your magic reserves.
Your bite disrupts and absorbs the magic of your enemies.
Potions cannot restore your health.


Message History

Blink to where?
Press: ? - help, Dir - move target, p - Snorg
As you read the scroll of blinking {@r4}, it crumbles to dust.
Aiming: Paralyse
Press: ? - help, Shift-Dir - straight line, f - Snorg
Aim: Snorg (severely wounded, berserk, chance to affect: 17%)
Okay, then.
Aiming: Fastroot
Press: ? - help, Shift-Dir - straight line, f - Snorg
Aim: Snorg (severely wounded, berserk)
The roots erupt in riotous growth!
Roots grab Snorg.
The grasping roots constrict Snorg.
Snorg struggles to escape constriction.
Aiming: Mindburst
Press: ? - help, Shift-Dir - straight line, f/p - Snorg
Aim: Snorg (severely wounded, berserk, constricted by roots, chance to affect: 29%)
Okay, then.
Unknown command.
Press: ? - help, v - describe, . - travel
Here: Snorg (severely wounded, berserk, constricted by roots)
The floor.
Unknown command.
Aiming: Throw Flame
Press: ? - help, Shift-Dir - straight line, f/p - Snorg
Aim: Snorg (severely wounded, berserk, constricted by roots, 100% to hit)
The puff of flame hits Snorg.
The grasping roots constrict Snorg.
The roots release their grip on Snorg.
Snorg rages.
Aiming: Fastroot
Press: ? - help, Shift-Dir - straight line, f/p - Snorg
Aim: Snorg (severely wounded, berserk)
The roots erupt in riotous growth!
Roots grab Snorg.
The grasping roots constrict Snorg.
Snorg struggles to escape constriction.
Aiming: Mindburst
Press: ? - help, Shift-Dir - straight line, f/p - Snorg
Aim: Snorg (almost dead, berserk, constricted by roots, chance to affect: 29%) Snorg easily resists.
The grasping roots constrict Snorg.
The roots release their grip on Snorg.
Snorg bites you!!
You die...

#.......#
..#..
####.#### #
#.......#
#.##.#......
#.##.#..####
#.##.. ...
#.####..#.#
#T####..#.#
####
#.@........
.....
########..
.####


You could see Snorg (berserk).

Vanquished Creatures
  A hydra (D:10)
  A catoblepas (D:10)
  A two-headed ogre (D:9)
  A manticore (D:7)
  A cyclops (D:7)
  2 trolls
  Grinder (D:4)
  6 yaks (D:10)
  2 wyverns
  A basilisk (D:10)
  2 ice beasts (D:7)
  3 centaurs
  3 orc warriors
  7 ogres
  A kobold brigand (D:9)
  2 phantoms (D:7)
  7 bullfrogs
  2 gnoll sergeants
  5 scorpions
  24 wights
  19 killer bees
  3 howler monkeys (D:8)
  2 hounds
  4 jellies
  2 bombardier beetles
  2 orc priests
  2 sleepcaps
  5 iguanas
  8 orc wizards
  15 gnolls
  10 adders
  2 shadow imps
  3 white imps
  4 ufetubi
  2 dart slugs
  7 ribbon worms
  25 orcs
  2 ball pythons
  4 bats
  3 endoplasms
  A giant cockroach (D:1)
  3 goblins
  3 hobgoblins
  8 jackals
  14 kobolds
  3 quokkas
  A frilled lizard (D:1)
  9 rats
239 creatures vanquished.

Notes
Turn   | Place    | Note
-------+----------+-------------------------------------------
     0 | D:1      | Colgate the Vine Stalker Air Elementalist began the quest
                  | for the Orb.
     0 | D:1      | Reached XP level 1. HP: 9/9 MP: 4/4
   395 | D:1      | Reached skill level 1 in Short Blades
   425 | D:1      | Reached XP level 2. HP: 11/13 MP: 3/6
   798 | D:1      | Found a faded altar of an unknown god.
   977 | D:2      | Reached XP level 3. HP: 16/16 MP: 4/7
  1147 | D:2      | Found an iron altar of Okawaru.
  1392 | D:2      | Reached XP level 4. HP: 21/21 MP: 8/8
  1879 | D:3      | Reached XP level 5. HP: 20/24 MP: 4/9
  2028 | D:3      | Noticed a human
  2029 | D:3      | Found a runed translucent door.
  2033 | D:3      | Found a basalt altar of Yredelemnul.
  2183 | D:3      | Found a burning altar of Makhleb.
  2408 | D:3      | Found a glowing golden altar of the Shining One.
  2468 | D:4      | Found Aneth's Magic Scroll Boutique.
  2475 | D:4      | Bought a scroll of teleportation for 36 gold pieces
  2475 | D:4      | Bought a scroll of fear for 48 gold pieces
  2491 | D:4      | Noticed Grinder
  2772 | D:4      | Found a shimmering altar of Xom.
  2807 | D:4      | Reached skill level 5 in Short Blades
  2807 | D:4      | Reached XP level 6. HP: 28/28 MP: 10/10
  2838 | D:4      | Found a shimmering altar of Xom.
  2840 | D:4      | Found a shimmering altar of Xom.
  3214 | D:4      | Killed Grinder
  3215 | D:4      | Reached XP level 7. HP: 32/32 MP: 11/11
  3469 | D:4      | Found an ornate altar of the Wu Jian Council.
  3510 | D:5      | Entered Level 5 of the Dungeon
  3643 | D:5      | Gained mutation: You have razor-sharp teeth. [Vine Stalker
                  | growth]
  3643 | D:5      | Reached XP level 8. HP: 33/36 MP: 12/12
  3670 | D:5      | Identified the +0 hat "Dillair" {Str+2 Int+4}
  3713 | D:5      | Reached skill level 1 in Fighting
  3841 | D:5      | Found a bloodstained altar of Trog.
  3896 | D:5      | Identified the +7 short sword of Kiberche {vamp, *Rage
                  | Str+8 Int-5}
  4192 | D:5      | Found Nubbaulo's Tremendous Tomes.
  4503 | D:6      | Found a staircase to the Ecumenical Temple.
  4508 | Temple   | Entered the Ecumenical Temple
  4513 | Temple   | Became a worshipper of Ashenzari the Shackled
  4857 | D:6      | Reached skill level 5 in Fighting
  4873 | D:6      | Found a radiant altar of Vehumet.
  5372 | D:6      | Reached XP level 9. HP: 43/49 MP: 13/13
  5736 | D:7      | Reached * piety under Ashenzari
  6078 | D:7      | Noticed a troll
  6089 | D:7      | Killed a troll
  6090 | D:7      | Reached skill level 5 in Spellcasting
  6150 | D:7      | Noticed a manticore
  6169 | D:7      | Killed a manticore
  6341 | D:7      | Reached XP level 10. HP: 52/56 MP: 23/23
  6553 | D:7      | Noticed a cyclops
  6568 | D:7      | Killed a cyclops
  6712 | D:7      | Reached skill level 4 in Air Magic
  6876 | D:7      | Reached skill level 5 in Air Magic
  7084 | D:8      | Reached skill level 6 in Air Magic
  7119 | D:8      | Reached ** piety under Ashenzari
  7448 | D:8      | Found a snail-covered altar of Cheibriados.
  7450 | D:8      | Found a sparkling altar of Nemelex Xobeh.
  7454 | D:8      | Found a hazy altar of Hepliaklqana.
  7457 | D:8      | Found a shadowy altar of Dithmenos.
  7623 | D:8      | Found a sacrificial altar of Ru.
  7723 | D:8      | Found Tuerubau's Magic Scroll Shop.
  7735 | D:8      | Reached skill level 7 in Air Magic
  7742 | D:8      | Bought a scroll of fog for 52 gold pieces
  7742 | D:8      | Bought a scroll of blinking for 97 gold pieces
  7742 | D:8      | Bought a scroll of fear for 52 gold pieces
  7742 | D:8      | Bought a scroll of enchant weapon for 97 gold pieces
  7762 | D:8      | Found a shimmering blue altar of Sif Muna.
  7763 | D:8      | Found a white marble altar of Elyvilon.
  7996 | D:9      | Noticed a two-headed ogre
  8159 | D:9      | Reached skill level 8 in Air Magic
  8255 | D:9      | Killed a two-headed ogre
  8256 | D:9      | Reached XP level 11. HP: 44/60 MP: 26/26
  8777 | D:9      | Reached *** piety under Ashenzari
  9514 | D:10     | Entered Level 10 of the Dungeon
  9599 | D:10     | Reached skill level 9 in Air Magic
  9654 | D:10     | Noticed Nergalle
  9817 | D:10     | Reached skill level 10 in Air Magic
  9843 | D:10     | Found a staircase to the Lair.
  9939 | D:10     | Noticed a catoblepas
  9985 | D:10     | Killed a catoblepas
 10026 | D:10     | Reached skill level 1 in Shapeshifting
 10107 | D:10     | Noticed an eight-headed hydra
 10117 | D:10     | Killed an eight-headed hydra
 10233 | D:10     | Noticed Snorg
 10257 | D:10     | HP: 2/62 [Snorg (3)]
 10263 | D:10     | Mangled by Snorg

Illustrated notes

Levels and vault maps discovered:
D:1:      minmay_arrival_pointy, layout_loops_ring,
          shapermc_ecumenical_altar_ellora, kennysheep_small_spiral,
          nicolae_figureground_pulse
D:2:      layout_loops_ring, basic_altar
D:3:      layout_loops_ring, dk_yredelemnul_ordeal,
          mainiacjoe_overflow_alcove_2, bloody_makhleb, chequers_garden
D:4:      layout_basic, nicolae_wu_jian_immortal_techniques, xom_redecorated,
          serial_shops, shop, uniq_grinder
D:5:      layout_cave_pools, mainiacjoe_overflow_brackets, serial_demonic,
          serial_demonic_e, serial_demonic_c, serial_demonic_e,
          serial_demonic_g, serial_demonic_f, serial_demonic_g,
          nicolae_shop_i_like_big_books
D:6:      layout_gridville, nicolae_vehumet_altar_sigil,
          minmay_temple_entry_arrows
D:7:      minmay_opposing_rooms, layout_cave_pods
D:8:      layout_loops_ring, lemuel_coloured_pillars_altar,
          nicolae_overflow_macrodata_refinement, mainiacjoe_overflow_big_doors,
          serial_shops, shop, kennysheep_generic_room_14
D:9:      nicolae_hitomezashi [nicolae_hito_row, nicolae_hito_row,
          nicolae_hito_row, nicolae_hito_row, nicolae_hito_row,
          nicolae_hito_row, nicolae_hito_row, nicolae_hito_row,
          nicolae_hito_row, nicolae_hito_row, nicolae_hito_row,
          nicolae_hito_row, nicolae_hito_row, nicolae_hito_row,
          nicolae_hito_row, nicolae_hito_row, nicolae_hito_row,
          nicolae_hito_row], layout_basic, minivault_1
D:10:     layout_loops_cross, minmay_lair_entry_grove, uniq_nergalle, uniq_snorg
Temple:   hellmonk_temple_of_storms

Skill      XL: |  1  2  3  4  5  6  7  8  9 10 11 |
---------------+----------------------------------+-----
Short Blades   | 1 2 3 4 5 6 7 8 |  8.7
Fighting       | 6 7 |  7.0
Spellcasting   | 7 8 |  8.2
Air Magic      | 8 10 | 10.4
Shapeshifting  | 2 |  2.6
Dodging        | |  1.5
Stealth        | |  2.4
Conjurations   | |  1.0

Action                     |  1- 3 |  4- 6 |  7- 9 | 10-12 || total
---------------------------+-------+-------+-------+-------++-------
  Melee: Unarmed           |    39 |       |       |       ||    39
         Bite              |    27 |    52 |   200 |   226 ||   505
         Punch             |     2 |     2 |     9 |     6 ||    19
         Dagger            |    86 |   247 |   519 |   656 ||  1508
 Invoke: Curse Item        |       |       |     2 |     3 ||     5
  Evoke: Wand              |       |       |       |     7 ||     7
    Use: Scroll            |       |       |     4 |     5 ||     9
   Stab: Sleeping          |     8 |     4 |       |       ||    12
         Distracted        |       |     2 |       |       ||     2
 Armour: Robe              |    36 |     6 |       |       ||    42
         Leather armour    |       |    42 |       |       ||    42
         Chain mail        |       |    51 |   285 |   313 ||   649
  Dodge: Dodged            |    55 |    66 |   117 |   207 ||   445
  Block: Buckler           |       |       |       |    20 ||    20

Table legend: (Time is in decaauts)
 A = Elapsed time spent in this place.
 B = Non-inter-level travel time spent in this place.
 C = Inter-level travel time spent in this place.
 D = Time resting spent in this place.
 E = Time spent auto-exploring this place.
 F = Levels seen in this place.
 G = Mean time per level.
                   A        B        C        D        E       F      G
               +--------+--------+--------+--------+--------+-----+--------+
         Total |   9396 |   8937 |    459 |    298 |   6678 |  11 |  854.2 |
       Dungeon |   9385 |   8930 |    455 |    298 |   6678 |  10 |  938.5 |
        Temple |     10 |      6 |      4 |      0 |      0 |   1 |   10.0 |
               +--------+--------+--------+--------+--------+-----+--------+

Top non-repeatable levels by time:
     D:9: 1580 daAuts
     D:7: 1307 daAuts
     D:6: 957 daAuts
     D:1: 948 daAuts
     D:4: 882 daAuts
     D:5: 795 daAuts
     D:2: 794 daAuts
     D:8: 788 daAuts
     D:3: 745 daAuts
    D:10: 586 daAuts
  Temple: 10 daAuts
